 Dungeon Crawl Stone Soup version 0.28-a0-1616-g050a50673c (webtiles) character file.

Game seed: 9408164085656807098

108 frimble the Grasshopper (level 4, -1/33 HPs)
             Began as a Demonspawn Warper on Jan 23, 2022.
             Slain by Grinder (2 damage)
             ... on level 3 of the Dungeon.
             The game lasted 00:03:13 (3214 turns).

frimble the Grasshopper (Demonspawn Warper)         Turns: 3214, Time: 00:03:14

Health: -1/33      AC:  3    Str: 12    XL:     4   Next: 58%
Magic:  7/7        EV: 12    Int: 16    God:
Gold:   122        SH:  0    Dex: 12    Spells: 5/7 levels left

rFire   . . .      SeeInvis .     - Unarmed
rCold   . . .      Faith    .   (no shield)
rNeg    . . .      Spirit   .   b - +0 leather armour
rPois   .          Reflect  .   (no helmet)
rElec   .          Harm     .   (no cloak)
rCorr   .          Rampage  .   (no gloves)
Will    .....                   (no boots)
Stlth   +.........              g - amulet of the acrobat
HPRegen 0.11/turn               (no ring)
MPRegen 0.10/turn               (no ring)

@: no status effects
A: claws 1, demonic magic 1
a: no special abilities


You were on level 3 of the Dungeon.
You visited 1 branch of the dungeon, and saw 3 of its levels.

You collected 122 gold pieces.

Inventory:

Hand Weapons
 a - a +0 short sword
Missiles
 d - 5 boomerangs of dispersal (quivered)
Armour
 b - a +0 leather armour (worn)
 j - a +0 buckler
Jewellery
 g - an amulet of the acrobat (around neck)
Wands
 h - a wand of acid (3)
Scrolls
 c - 3 scrolls of blinking
 e - a scroll of immolation {unknown}
 f - a scroll of identify {unknown}
 i - a scroll of magic mapping {unknown}
 k - a scroll of holy word {unknown}
Potions
 l - 2 potions of curing


   Skills:
 - Level 2.0 Fighting
 - Level 1.8 Short Blades
 - Level 1.1 Throwing
 - Level 1.0 Armour
 - Level 2.4 Dodging
 + Level 1.2 Shields
 + Level 2.0 Unarmed Combat
 - Level 2.1 Spellcasting
 - Level 3.0 Translocations
 - Level 1.0 Evocations


You had 5 spell levels left.
You knew the following spells:

 Your Spells              Type           Power      Damage    Failure   Level
a - Blink                 Tloc           22%        N/A       12%         2

Your spell library contained the following spells:

 Spells                   Type           Power      Damage    Failure   Level
 Gell's Gravitas          Tloc           11%        N/A       22%         3
 Lesser Beckoning         Tloc           11%        N/A       22%         3
 Teleport Other           Tloc           11%        N/A       22%         3
 Manifold Assault         Tloc           11%        N/A       91%         5
 Storm Form               Tmut/Air       0%         N/A       100%        7


Dungeon Overview and Level Annotations

Branches:
Dungeon (3/15)

Altars:

Annotations:
D:3 Grinder


Innate Abilities, Weirdness & Mutations

You have sharp fingernails.
Spells you cast may paralyse adjacent enemies.


Message History

Grinder says, "Wait up."
Grinder drinks a potion.
Grinder is healed!
Aiming: Corrosive Bolt
Press: ? - help, Shift-Dir - straight line, f/p - Grinder
Aim: Grinder (heavily wounded, covered in acid, 68% to hit)
The bolt of acid misses Grinder.
The bat misses you.
You scratch the bat.
The bat is heavily wounded.
The bat hits you but does no damage. Grinder gestures at you.
You suddenly lose the ability to move!
The bat hits you but does no damage. x2
The bat hits you. Grinder hits you. Grinder hits you but does no damage.
You can move again.
Okay, then.
Unknown command.
You closely miss Grinder.
Grinder is heavily wounded.
Grinder blinks!
You miss the bat.
The bat is moderately wounded.
The bat hits you. The bat closely misses you.
You barely miss the bat.
The bat is moderately wounded.
The bat hits you but does no damage.
Aiming: Corrosive Bolt
Press: ? - help, Shift-Dir - straight line, f/p - Grinder
Aim: Grinder (heavily wounded, covered in acid, 68% to hit)
The bolt of acid misses Grinder.
You scratch Grinder.
Grinder is heavily wounded.
Grinder hits you.
You writhe in agony.
* * * LOW HITPOINT WARNING * * *
You barely miss Grinder.
Grinder is heavily wounded.
The bat hits you but does no damage. Grinder hits you.
* * * LOW HITPOINT WARNING * * *
You writhe in agony.
You die...

#.......#.######
######..#÷###.........#
#.†.......# #..######.##
#.####..#.#########.#...
#.# #).##..#...........
..# #..###.#.#..#......
### #..# #.#..#......# #
#..# #.#...#5...# # #..#
#.#.#.@#..# . ######..#
#.#.....#....
........###.......b#
#####....<..#....#.....
..)...#.#####...#..#..#
........# #..#...?.#.#
######### #......#..## #
#........## # ######.###


You could see Grinder (corroded) and a bat.

Vanquished Creatures
  4 adders
  4 worms (D:2)
  2 dart slugs
  An orc (D:3)
  4 bats
  An endoplasm (D:3)
  5 giant cockroaches
  6 goblins
  3 hobgoblins
  3 jackals (D:3)
  3 quokkas
  5 ball pythons
  A frilled lizard (D:1)
  6 kobolds
  6 rats
54 creatures vanquished.

Notes
Turn   | Place    | Note
-------+----------+-------------------------------------------
     0 | D:1      | frimble the Demonspawn Warper began the quest for the Orb.
     0 | D:1      | Reached XP level 1. HP: 16/16 MP: 3/3
   316 | D:1      | Reached skill level 1 in Throwing
   316 | D:1      | Reached skill level 1 in Armour
   381 | D:1      | Gained mutation: You have sharp fingernails. [demonic
                  | ancestry]
   381 | D:1      | Reached XP level 2. HP: 22/22 MP: 5/5
   401 | D:1      | Found a faded altar of an unknown god.
  1021 | D:2      | Reached skill level 1 in Unarmed Combat
  1082 | D:2      | Gained mutation: Spells you cast may paralyse adjacent
                  | enemies. [demonic ancestry]
  1082 | D:2      | Reached XP level 3. HP: 23/27 MP: 6/6
  1085 | D:2      | Learned a level 2 spell: Blink
  1346 | D:2      | Identified the +0 ring mail "Geacith" {Int+2}
  1701 | D:2      | Reached skill level 1 in Evocations
  1701 | D:2      | Reached XP level 4. HP: 5/33 MP: 4/7
  2085 | D:2      | Reached skill level 3 in Translocations
  2640 | D:3      | Reached skill level 1 in Shields
  3190 | D:3      | Noticed Grinder
  3203 | D:3      | Paralysed by Grinder for 5 turns
  3214 | D:3      | HP: 1/33 [Grinder (5)]
  3214 | D:3      | Slain by Grinder

Illustrated notes

Levels and vault maps discovered:
D:1:      mainiacjoe_arrival_reflecting_pool, layout_basic,
          hellmonk_ecumenical_altar_inner_sanctum
D:2:      layout_rooms, nicolae_wormholes
D:3:      layout_loops_ring, hangedman_decor_opposing,
          chequers_serial_rivers_micro_c, grunt_ministairs_2, uniq_grinder

Skill      XL: |  1  2  3  4 |
---------------+-------------+-----
Throwing       | 1 |  1.1
Armour         | 1 |  1.0
Dodging        | 2 |  2.4
Unarmed Combat | 1 2 |  2.0
Evocations     | 1 |  1.0
Translocations | 3 |  3.0
Shields        | 1 |  1.2
Fighting       | |  2.0
Short Blades   | |  1.8
Spellcasting   | |  2.1

Action                   |  1- 3 |  4- 6 || total
-------------------------+-------+-------++-------
Melee: Short sword       |   124 |       ||   124
       Unarmed           |    35 |    95 ||   130
 Cast: Blink             |     1 |       ||     1
Evoke: Wand              |     3 |     4 ||     7
 Stab: Sleeping          |     2 |       ||     2
Armor: Leather armour    |    34 |    28 ||    62
Dodge: Dodged            |   109 |    69 ||   178

Table legend: (Time is in decaauts)
 A = Elapsed time spent in this place.
 B = Non-inter-level travel time spent in this place.
 C = Inter-level travel time spent in this place.
 D = Time resting spent in this place.
 E = Time spent auto-exploring this place.
 F = Levels seen in this place.
 G = Mean time per level.
                   A        B        C        D        E       F      G
               +--------+--------+--------+--------+--------+-----+--------+
         Total |   3212 |   3161 |     51 |      8 |   2618 |   3 | 1070.7 |
       Dungeon |   3212 |   3161 |     51 |      8 |   2618 |   3 | 1070.7 |
               +--------+--------+--------+--------+--------+-----+--------+

Top non-repeatable levels by time:
     D:1: 1257 daAuts
     D:2: 1065 daAuts
     D:3: 889 daAuts
